 Dungeon Crawl Stone Soup version 0.29-a0-23-ga79f92ac9c (webtiles) character file.

Game seed: 7143537752552798964

9419 Armakuni the Summoner (level 11, -11/79 HPs)
             Began as a Human Summoner on Jan 30, 2022.
             Was a Believer of Elyvilon.
             Mangled by a sun demon (14 damage)
             ... summoned by a kobold demonologist
             ... on level 7 of the Dungeon.
             The game lasted 00:43:20 (14084 turns).

Armakuni the Summoner (Human Summoner)             Turns: 14084, Time: 00:43:20

Health: -11/79     AC:  9    Str: 13    XL:     11   Next: 74%
Magic:  18/18      EV: 11    Int: 15    God:    Elyvilon [**....]
Gold:   305        SH:  0    Dex: 20    Spells: 7/20 levels left

rFire   . . .      SeeInvis .   a - +2 flail (venom)
rCold   . . .      Faith    .   (no shield)
rNeg    . . .      Spirit   .   d - +1 scale mail
rPois   .          Reflect  .   (no helmet)
rElec   .          Harm     .   k - +0 cloak {Will+}
rCorr   .          Rampage  .   (no gloves)
Will    +....                   (no boots)
Stlth   +.........              A - amulet of the acrobat
HPRegen 0.23/turn               D - +6 ring of dexterity
MPRegen 0.16/turn               (no ring)

@: about to teleport
A: no striking features
a: Renounce Religion, Purification, Heal Other


You were on level 7 of the Dungeon.
You worshipped Elyvilon.
Elyvilon was pleased with you.
You visited 4 branches of the dungeon, and saw 14 of its levels.
You also visited: Sewer.

You collected 684 gold pieces.
You spent 379 gold pieces at shops.

Inventory:

Hand Weapons
 a - a +2 flail of venom (weapon)
 b - a +5 vorpal spear
 g - a +6 great sword
Armour
 d - a +1 scale mail (worn)
 k - a +0 cloak of willpower (worn)
Magical Staves
 f - a staff of fire
Jewellery
 A - an amulet of the acrobat (around neck)
 D - a +6 ring of dexterity (left hand)
Scrolls
 h - 6 scrolls of teleportation
 i - 2 scrolls of noise
 j - a scroll of magic mapping
 l - 2 scrolls of fog
 m - a scroll of vulnerability
Potions
 c - 3 potions of lignification
 e - 3 potions of flight
 o - a potion of haste
 p - a potion of magic
 s - 2 potions of might


   Skills:
 - Level 5.0 Fighting
 - Level 5.0 Maces & Flails
 - Level 5.0 Armour
 - Level 5.0 Dodging
 - Level 2.0 Stealth
 + Level 5.0 Spellcasting
 + Level 11.9 Summonings
 - Level 5.0 Invocations
 - Level 6.0 Evocations


You had 7 spell levels left.
You knew the following spells:

 Your Spells              Type           Power      Damage    Failure   Level
c - Call Canine Familiar  Summ           39%        N/A       1%          3
k - Summon Cactus Giant   Summ           19%        N/A       61%         6
l - Summon Lightning Spi  Summ/Air       21%        N/A       52%         4

Your spell library contained the following spells:

 Spells                   Type           Power      Damage    Failure   Level
 Summon Small Mammal      Summ           100%       N/A       1%          1
 Call Imp                 Summ           39%        N/A       1%          2
 Summon Guardian Golem    Hex/Summ       21%        N/A       19%         3
 Magic Dart               Conj           12%        1d3       56%         1
 Scorch                   Fire           6%         2d5       71%         2
 Mephitic Cloud           Conj/Pois/Air  3%         N/A       90%         3
 Flame Wave               Conj/Fire      3%         2d4       100%        4


Dungeon Overview and Level Annotations

Branches:
Dungeon (10/15)            Temple (1/1) D:5            Lair (1/6) D:8
    Orc (2/2) D:9           Sewer (visited)
    Elf: Orc:2

Altars:
Ashenzari
Cheibriados
Dithmenos
Elyvilon
Fedhas
Gozag
Hepliaklqana
Kikubaaqudgha
Makhleb
Nemelex Xobeh
Okawaru
Qazlal
Ru
Sif Muna
Trog
Uskayaw
Xom
Yredelemnul
Zin
The Shining One

Shops:
D:4 *   D:6 [   D:8 ?   D:9 [

Annotations:
D:3 2 transporters, kae's ghost, amateur DrTm
D:5 1 runed translucent door, trm's ghost, amateur OpVM


Message History

The kobold brigand hits you but does no damage.
The kobold hits you but does no damage.
You hit the kobold demonologist.
The kobold demonologist looks as sick as possible!
The kobold demonologist is moderately wounded.
The kobold demonologist hits you but does no damage.
The kobold brigand misses you. The kobold hits you but does no damage.
The sun demon hits you!
You are engulfed in flames!
The kobold demonologist mumbles some strange words.
You hit the kobold demonologist.
The kobold demonologist is moderately wounded.
You kill the kobold brigand!
The sun demon hits you!
You are engulfed in flames!
* * * LOW HITPOINT WARNING * * *
The kobold barely misses you.
The kobold demonologist hits you with a +0 spear.
* * * LOW HITPOINT WARNING * * *
Your Spellcasting skill increases to level 5!
As you read the scroll of teleportation, it crumbles to dust.
You feel strangely unstable.
The sun demon hits you but does no damage.
The kobold hits you but does no damage.
The kobold demonologist hits you but does no damage.
The sun demon hits you!
* * * LOW HITPOINT WARNING * * *
You are engulfed in flames!
Elyvilon protects you from harm!
Okay, then.
Unknown command.
Okay, then.
Okay, then.
You hit the kobold demonologist.
The kobold demonologist looks as sick as possible!
The kobold demonologist is heavily wounded.
The kobold barely misses you.
The kobold demonologist gestures wildly while chanting.
The sun demon hits you! Elyvilon protects you from harm!
You are engulfed in flames!
You die...

#.# #.# #.# ######'#
#.# #....... #.# ♣♣
..##....... #.#
.♣♣♣...#'....... #.#
......###....... #.#
###K§..####........
#.# ##5K#
#..#.#...<## #.#
##.3@# ##'#.#......
#.#
#..##KK..###..#.#..##
#.###.##
5.5...##.#......
#.##..#
.♣♣♣...#.#......
#.##.## ♣♣
..####.#### #.##.#
#.#.# # #.##.# #.#(#
#.##.# #.#.####
#.##.# #.#.....


You could see a sun demon (summoned), a kobold demonologist (extremely
poisoned), 2 crimson imps, a white imp (summoned) and 3 kobolds.

Vanquished Creatures
  Harold (D:7)
  2 two-headed ogres
  Maurice (D:8)
  A cane toad (Lair:1)
  A kobold demonologist (D:7)
  A troll (D:10)
  5 yaks
  A steam dragon (D:9)
  A water moccasin (Lair:1)
  An orc warrior (Orc:1)
  8 wolves
  An ogre (D:7)
  2 centaurs
  A phantom (D:5)
  3 kobold brigands
  5 bullfrogs
  A gnoll sergeant (D:9)
  8 wights
  2 centaur zombies
  An orc priest (D:6)
  Natasha (D:3)
  4 iguanas
  8 orc wizards
  2 adders
  5 gnolls (D:9)
  2 river rats (Sewer)
  23 orcs
  2 ball pythons
  12 bats
  2 endoplasms
  3 giant cockroaches (D:3)
  3 goblins
  4 jackals (Sewer)
  9 kobolds
  5 quokkas
  A frilled lizard (D:1)
  9 rats
142 creatures vanquished.

Vanquished Creatures (collateral kills)
  Prince Ribbit (D:8)
  A wraith (D:10)
  A wyvern (D:9)
  5 yaks
  Grum (D:9)
  A water moccasin (D:8)
  A black bear (D:5)
  2 ogres (Orc:1)
  6 wolves
  A phantom (D:5)
  A scorpion (D:7)
  A jelly (D:3)
  5 wights
  A centaur skeleton (D:7)
  2 orc priests
  A bullfrog skeleton (D:6)
  Natasha (D:3)
  4 orc wizards
  5 gnolls
  A howler monkey skeleton (D:5)
  2 adders
  13 orcs
  A goblin (D:1)
  3 hobgoblins
  A ball python (D:4)
  2 bats
  2 frilled lizards
  3 kobolds
  5 rats
74 creatures vanquished.

Vanquished Creatures (others)
  2 yaks (D:9)
  A steam dragon (D:9)
  A wolf (D:9)
  A centaur (D:9)
  A gnoll sergeant (D:9)
  A plant (Lair:1)
7 creatures vanquished.

Grand Total: 223 creatures vanquished

Notes
Turn   | Place    | Note
-------+----------+-------------------------------------------
     0 | D:1      | Armakuni the Human Summoner began the quest for the Orb.
     0 | D:1      | Reached XP level 1. HP: 13/13 MP: 3/3
   198 | D:1      | Reached skill level 1 in Fighting
   254 | D:1      | Reached XP level 2. HP: 21/21 MP: 5/5
  1138 | D:2      | Found a faded altar of an unknown god.
  1454 | D:2      | Reached XP level 3. HP: 24/28 MP: 4/6
  1465 | D:2      | Learned a level 3 spell: Call Canine Familiar
  1980 | D:2      | Reached XP level 4. HP: 34/34 MP: 4/7
  2387 | D:3      | Found a transporter.
  2391 | D:3      | Noticed kae's ghost (amateur DrTm)
  2434 | D:3      | Found a transporter.
  2802 | D:3      | Found a glowing drain.
  2809 | Sewer    | Entered a sewer
  2831 | Sewer    | Reached skill level 1 in Evocations
  3004 | Sewer    | Noticed a kobold brigand
  3006 | Sewer    | Noticed a kobold brigand
  3027 | Sewer    | Reached XP level 5. HP: 30/41 MP: 6/8
  3028 | Sewer    | Killed a kobold brigand
  3029 | Sewer    | Reached skill level 5 in Summonings
  3034 | Sewer    | Killed a kobold brigand
  3035 | Sewer    | Reached XP level 6. HP: 22/47 MP: 7/9
  3201 | Sewer    | Found a white marble altar of Elyvilon.
  3210 | Sewer    | Became a worshipper of Elyvilon the Healer
  3679 | D:3      | Noticed Natasha
  3691 | D:3      | Killed Natasha
  3877 | D:3      | Reached skill level 6 in Summonings
  3877 | D:3      | Reached skill level 1 in Invocations
  4055 | D:3      | Learned a level 4 spell: Summon Lightning Spire
  4121 | D:3      | Reached XP level 7. HP: 50/52 MP: 6/10
  4400 | D:3      | Noticed Natasha
  4410 | D:3      | Killed Natasha
  4554 | D:4      | Reached * piety under Elyvilon
  5027 | D:4      | Found Meronga's Assorted Antiques.
  5035 | D:4      | Bought a golden potion for 24 gold pieces
  5035 | D:4      | Bought a scroll of identify for 54 gold pieces
  5598 | D:5      | Entered Level 5 of the Dungeon
  5634 | D:5      | Found a runed translucent door.
  5638 | D:5      | Noticed trm's ghost (amateur OpVM)
  5655 | D:5      | Found a staircase to the Ecumenical Temple.
  5666 | Temple   | Entered the Ecumenical Temple
  6542 | D:5      | Reached skill level 1 in Maces & Flails
  6542 | D:5      | Reached XP level 8. HP: 53/58 MP: 8/11
  6640 | D:5      | Reached ** piety under Elyvilon
  6880 | D:5      | Reached skill level 7 in Summonings
  7495 | D:6      | Found Paduinn's Armour Shoppe.
  8511 | D:7      | Reached *** piety under Elyvilon
  8529 | D:7      | Reached XP level 9. HP: 66/66 MP: 14/14
  8662 | D:7      | Noticed Harold
  8926 | D:7      | Learned a level 6 spell: Summon Cactus Giant
  9172 | D:8      | Noticed Maurice
  9178 | D:8      | Killed Maurice
  9179 | D:8      | Reached skill level 5 in Fighting
  9179 | D:8      | Reached skill level 8 in Summonings
  9255 | D:8      | Reached **** piety under Elyvilon
  9399 | D:8      | Reached skill level 5 in Evocations
  9484 | D:8      | Reached XP level 10. HP: 40/74 MP: 12/16
  9725 | D:8      | Found a staircase to the Lair.
  9760 | D:8      | Reached skill level 5 in Invocations
  9790 | D:8      | Found Hoseothru's Magic Scroll Shoppe.
  9791 | D:8      | Noticed Prince Ribbit
  9804 | D:8      | Killed Prince Ribbit
  9805 | D:8      | Reached skill level 1 in Armour
 10222 | D:9      | Found a staircase to the Orcish Mines.
 10323 | D:9      | Reached skill level 5 in Maces & Flails
 10441 | D:9      | Found Biekhliw's Antique Armour Shop.
 10445 | D:9      | Bought a bloodstained leather armour for 238 gold pieces
 10445 | D:9      | Identified the +0 leather armour of the Lonely Ultimatums
                  | {Will+ Str+2 Dex-5 Slay+2} (You bought it in a shop on
                  | level 9 of the Dungeon)
 10526 | D:9      | Noticed Grum
 10532 | D:9      | Killed Grum
 10947 | D:9      | Noticed a two-headed ogre
 10963 | D:9      | Killed a two-headed ogre
 10964 | D:9      | Reached skill level 5 in Armour
 10964 | D:9      | Reached skill level 5 in Dodging
 11214 | D:10     | Entered Level 10 of the Dungeon
 11266 | D:10     | Noticed a two-headed ogre
 11278 | D:10     | Killed a two-headed ogre
 11279 | D:10     | Reached skill level 9 in Summonings
 11279 | D:10     | Reached XP level 11. HP: 67/79 MP: 14/17
 11365 | Lair:1   | Entered Level 1 of the Lair of Beasts
 11371 | Lair:1   | Reached skill level 10 in Summonings
 11489 | Lair:1   | HP: 2/79 [komodo dragon (20)]
 11917 | Lair:1   | Reached skill level 11 in Summonings
 11925 | Lair:1   | Elyvilon protects you from harm!
 12510 | D:8      | Bought a scroll of noise for 14 gold pieces
 12510 | D:8      | Bought a scroll of magic mapping for 49 gold pieces
 13095 | D:10     | Noticed a rakshasa
 13157 | Orc:1    | Entered Level 1 of the Orcish Mines
 13291 | Orc:2    | Entered Level 2 of the Orcish Mines
 13584 | Orc:2    | Noticed an orc high priest
 13587 | Orc:2    | Noticed a soul eater
 13802 | D:7      | Killed Harold
 14080 | D:7      | Noticed a sixfirhy
 14081 | D:7      | Noticed a sun demon
 14083 | D:7      | Reached skill level 5 in Spellcasting
 14083 | D:7      | Noticed a sun demon
 14083 | D:7      | HP: 3/79 [sun demon[a kobold demonologist] (14)]
 14083 | D:7      | Elyvilon protects you from harm!
 14084 | D:7      | Elyvilon protects you from harm!
 14084 | D:7      | Mangled by a sun demon

Illustrated notes

Levels and vault maps discovered:
D:1:      dpeg_arrival_leaves_temple_mockup, layout_basic, serial_rivers,
          chequers_serial_rivers_micro_a, chequers_serial_rivers_micro_d,
          chequers_serial_rivers_small_b, chequers_serial_rivers_micro_e,
          minmay_misc_feat_enclosed, dk_noncrumbling_2
D:2:      layout_loops_cross, hellmonk_ecumenical_altar_arch_garden,
          eino_tiny_chamber, minivault_27, st_stairs_4
D:3:      layout_loops_corners, gammafunk_ghost_mausoleum, gup_sewer_entry_pipe,
          uniq_natasha
D:4:      layout_loops_ring, serial_shops, shop
D:5:      layout_layer_cave, minmay_temple_entry_statues_pillars,
          ebering_ghost_sewer_d, grunt_decor_one_mirror, roderic_batcave
D:6:      layout_basic, serial_shops, nicolae_shop_hallway_stairs
D:7:      layout_basic, mainiacjoe_overflow_two_lobes,
          nicolae_concentric_dashed_squares_mild, uniq_harold
D:8:      layout_cave_pools, lair_entry_dummy, serial_shops,
          nicolae_take_the_stairs, uniq_maurice, uniq_prince_ribbit1
D:9:      layout_cave_pools, orc_0_dummy, serial_shops, nicolae_shop_stone,
          uniq_grum
D:10:     layout_roguey, minmay_misc_feat_hallway, kennysheep_small_square,
          uniq_maggie, uniq_josephine
Temple:   mainiacjoe_temple_big_plus
Lair:1:   layout_regular_city, grunt_megastairs_4, uniq_gastronok
Orc:1:    layout_caves
Orc:2:    grunt_orc_cross, layout_diamond_mine, basic_altar,
          ebering_ghost_reflecting_pool

Skill      XL: |  1  2  3  4  5  6  7  8  9 10 11 |
---------------+----------------------------------+-----
Fighting       | 1 2 3 4 5 |  5.0
Evocations     | 1 2 3 6 |  6.0
Summonings     | 5 6 7 8 9 11 | 11.9
Invocations    | 1 3 4 5 |  5.0
Maces & Flails | 1 3 4 5 |  5.0
Spellcasting   | 3 4 5 |  5.0
Armour         | 5 |  5.0
Dodging        | 5 |  5.0
Stealth        | |  2.0

Action                   |  1- 3 |  4- 6 |  7- 9 | 10-12 || total
-------------------------+-------+-------+-------+-------++-------
Melee: Dagger            |    71 |    84 |    44 |       ||   199
       Mace              |     3 |       |       |       ||     3
       Punch             |       |     2 |     2 |     4 ||     8
       Flail             |       |       |   133 |   198 ||   331
 Cast: Summon Small Mamm |    24 |    13 |       |       ||    37
       Call Canine Famil |       |     6 |    24 |    28 ||    58
       Summon Lightning  |       |       |       |     1 ||     1
Invok: Purification      |       |       |     2 |     2 ||     4
       Heal Self         |       |       |       |    13 ||    13
       Heal Other        |       |       |       |     3 ||     3
Evoke: Wand              |       |     6 |    29 |    27 ||    62
  Use: Scroll            |     3 |     2 |     8 |    10 ||    23
       Potion            |       |       |     7 |     4 ||    11
 Stab: Sleeping          |     1 |     1 |     3 |     1 ||     6
       Distracted        |     1 |       |       |     2 ||     3
Armor: Robe              |    12 |     7 |    40 |    22 ||    81
       Scale mail        |       |       |       |    51 ||    51
Dodge: Dodged            |    46 |    51 |   108 |   202 ||   407

Table legend: (Time is in decaauts)
 A = Elapsed time spent in this place.
 B = Non-inter-level travel time spent in this place.
 C = Inter-level travel time spent in this place.
 D = Time resting spent in this place.
 E = Time spent auto-exploring this place.
 F = Levels seen in this place.
 G = Mean time per level.
                   A        B        C        D        E       F      G
               +--------+--------+--------+--------+--------+-----+--------+
         Total |  14222 |  13550 |    672 |   3875 |   6822 |  15 |  948.1 |
       Dungeon |  12395 |  11780 |    615 |   3131 |   6194 |  10 | 1239.5 |
        Temple |    431 |    406 |     25 |      0 |    398 |   1 |  431.0 |
          Lair |    412 |    396 |     16 |    233 |     35 |   1 |  412.0 |
  Orcish Mines |    453 |    438 |     15 |    231 |     86 |   2 |  226.5 |
         Sewer |    528 |    528 |      0 |    280 |    108 |   1 |  528.0 |
               +--------+--------+--------+--------+--------+-----+--------+

Top non-repeatable levels by time:
     D:3: 1677 daAuts
     D:8: 1558 daAuts
     D:5: 1480 daAuts
     D:7: 1228 daAuts
     D:2: 1185 daAuts
     D:6: 1171 daAuts
     D:1: 1140 daAuts
     D:9: 1109 daAuts
     D:4: 1109 daAuts
    D:10: 734 daAuts
   Sewer: 528 daAuts
  Temple: 431 daAuts
   Orc:1: 426 daAuts
  Lair:1: 412 daAuts
   Orc:2: 26 daAuts
